 Dungeon Crawl Stone Soup version 0.30-a0-310-g7d6cbdfea6 (webtiles) character file.

Game seed: 15639105023872372298

182 xian the Conjurer (level 5, 0/35 HPs)
             Began as a Demonspawn Conjurer on Oct 24, 2022.
             Slain by a gnoll
             ... wielding a +0 spear
             ... led by a gnoll sergeant
              (2 damage)
             ... on level 4 of the Dungeon.
             The game lasted 00:07:35 (3910 turns).

xian the Conjurer (Demonspawn Conjurer)             Turns: 3910, Time: 00:07:36

Health: 0/35       AC:  6    Str:  6 (7)  XL:     5   Next: 34%
Magic:  1/9        EV: 11    Int: 19 (22) God:
Gold:   176        SH:  0    Dex:  8 (11) Spells: 3/10 levels left

rFire   . . .      SeeInvis .    e - +0 dagger
rCold   . . .      Faith    .    (no shield)
rNeg    . . .      Spirit   .    m - +0 leather armour
rPois   .          Reflect  .    t - +2 hat
rElec   .          Harm     .    (no cloak)
rCorr   .          Rampage  .    f - +0 pair of gloves
Will    .....                    (no boots)
Stlth   +.........               (no amulet)
HPRegen 0.25/turn                (no ring)
MPRegen 0.11/turn                (no ring)

@: lethally poisoned (0 -> -10), about to teleport, hasted, very quick
A: hooves 1, foul stench 1
a: no special abilities


You were on level 4 of the Dungeon.
You visited 1 branch of the dungeon, and saw 4 of its levels.

You collected 176 gold pieces.

Inventory:

Hand Weapons
 e - a +0 dagger (weapon)
Armour
 f - a +0 pair of gloves (worn)
 m - a +0 leather armour (worn)
 t - a +2 hat (worn)
Jewellery
 s - a ring of see invisible
Wands
 b - a wand of flame (30)
Scrolls
 g - 2 scrolls of vulnerability {unknown}
 i - a scroll of brand weapon {unknown}
 k - a scroll of teleportation
 l - a scroll of fog
 n - a scroll of immolation
Potions
 a - a potion of degeneration
 c - a potion of lignification {unknown}
 d - a potion of resistance {unknown}
 h - a potion of curing
 p - a potion of haste
 q - a potion of flight {unknown}
 r - a potion of cancellation {unknown}


   Skills:
 + Level 1.1 Armour
 + Level 2.4 Dodging
 + Level 2.1 Stealth
 + Level 3.1 Spellcasting
 + Level 5.3 Conjurations


You had 3 spell levels left.
You knew the following spells:

 Your Spells              Type           Power      Damage    Failure   Level
a - Magic Dart            Conj           92%        1d7       2%          1
b - Searing Ray           Conj           46%        2d6       4%          2
c - Iskenderun's Mystic   Conj/Tloc      13%        2d5       61%         4

Your spell library contained the following spells:

 Spells                   Type           Power      Damage    Failure   Level
 Sting                    Tmut/Pois      8%         1d3       24%         1
 Dazzling Flash           Conj/Hex       26%        N/A       24%         3
 Poisonous Vapours        Pois/Air       4%         N/A       34%         2
 Fulminant Prism          Conj/Hex       6%         3d7       61%         4
 Olgreb's Toxic Radiance  Pois           2%         N/A       93%         4


Dungeon Overview and Level Annotations

Branches:
Dungeon (4/15)
 Temple: D:4-7

Altars:
Hepliaklqana
Nemelex Xobeh


Innate Abilities, Weirdness & Mutations

You have large cloven feet.
You may rarely emit foul miasma when damaged in melee.


Message History

The gnoll sergeant shouts!
The searing ray hits the gnoll.
You kill the gnoll!
The searing ray hits the gnoll sergeant.
The gnoll sergeant is lightly wounded.
You hear a shout!
A gnoll comes into view. It is wielding a +0 spear.
Your Spellcasting skill increases to level 3!
The searing ray hits the gnoll sergeant.
The gnoll sergeant is moderately wounded.
The searing ray hits the gnoll.
The gnoll is moderately wounded.
The gnoll sergeant hits you from afar with a +2 spear of venom!
You are poisoned.
Unknown command.
Unknown command.
As you read the scroll of teleportation, it crumbles to dust.
You feel strangely unstable.
You feel very sick.
The gnoll sergeant hits you from afar with a +2 spear of venom!
You are more poisoned.
It was a potion of degeneration.
There was something very wrong with that liquid.
You feel weakened.
You feel dopey.
You feel clumsy.
* * * LOW HITPOINT WARNING * * *
You feel extremely sick.
The gnoll sergeant hits you from afar with a +2 spear of venom.
* * * LOW HITPOINT WARNING * * *
You are more poisoned.
It was a potion of curing.
You feel better.
The gnoll sergeant hits you from afar with a +2 spear of venom.
* * * LOW HITPOINT WARNING * * *
You are lethally poisoned!
The gnoll hits you from afar with a +0 spear.
* * * LOW HITPOINT WARNING * * *
It was a potion of haste.
You feel yourself speed up.
* * * LOW HITPOINT WARNING * * *
You feel very sick.
The gnoll hits you from afar with a +0 spear.
You die...

...#.........#
...#.........#
#.........#
.........##
########.#
#.#.#
#######.#.###
......).....#
.......@....#
.....g).....#
.....g......#
.....#......#
.....####.#.#
..†. #.....
..# ....... ..
......


You could see a gnoll sergeant and a gnoll.

Vanquished Creatures
  An orc wizard (D:2)
  2 gnolls (D:4)
  4 adders
  2 worms
  3 dart slugs
  11 orcs
  4 bats
  4 endoplasms
  6 giant cockroaches
  4 goblins
  4 hobgoblins
  5 jackals (D:2)
  4 kobolds
  6 quokkas
  5 ball pythons
  A frilled lizard (D:2)
  6 rats
72 creatures vanquished.

Notes
Turn   | Place    | Note
-------+----------+-------------------------------------------
     0 | D:1      | xian the Demonspawn Conjurer began the quest for the Orb.
     0 | D:1      | Reached XP level 1. HP: 13/13 MP: 3/3
   321 | D:1      | Gained mutation: You may rarely emit foul miasma when
                  | damaged in melee. [demonic ancestry]
   321 | D:1      | Reached XP level 2. HP: 19/19 MP: 3/5
   324 | D:1      | Learned a level 2 spell: Searing Ray
  1018 | D:2      | Gained mutation: You have large cloven feet. [demonic
                  | ancestry]
  1018 | D:2      | Reached XP level 3. HP: 24/24 MP: 4/6
  1497 | D:2      | Reached XP level 4. HP: 30/30 MP: 6/8
  1613 | D:2      | Reached skill level 5 in Conjurations
  2927 | D:3      | Reached XP level 5. HP: 35/35 MP: 5/9
  2932 | D:3      | Learned a level 4 spell: Iskenderun's Mystic Blast
  3211 | D:3      | Found a sparkling altar of Nemelex Xobeh.
  3260 | D:3      | Found a hazy altar of Hepliaklqana.
  3342 | D:3      | Reached skill level 1 in Armour
  3910 | D:4      | Slain by a gnoll

Illustrated notes

Levels and vault maps discovered:
D:1:      wander_arrival_abandoned_jail, layout_basic
D:2:      layout_basic, wad_orctagon
D:3:      layout_loops_ring, nicolae_overflow_hidden_temple,
          minmay_misc_feat_encased, nrook_campfire
D:4:      layout_basic, kennysheep_orc_sif_temple

Skill      XL: |  1  2  3  4  5 |
---------------+----------------+-----
Dodging        | 2 |  2.4
Conjurations   | 5 |  5.3
Stealth        | 2 |  2.1
Armour         | 1 |  1.1
Spellcasting   | 3 |  3.1

Action                   |  1- 3 |  4- 6 || total
-------------------------+-------+-------++-------
Melee: Unarmed           |     8 |       ||     8
       Dagger            |    13 |    15 ||    28
       Kick              |     3 |     4 ||     7
       Punch             |     1 |       ||     1
 Cast: Magic Dart        |    44 |    82 ||   126
       Searing Ray       |     5 |     7 ||    12
  Use: Potion            |     1 |     3 ||     4
       Scroll            |       |     5 ||     5
Armor: Leather armour    |    11 |     7 ||    18
Dodge: Dodged            |    23 |    10 ||    33

Table legend: (Time is in decaauts)
 A = Elapsed time spent in this place.
 B = Non-inter-level travel time spent in this place.
 C = Inter-level travel time spent in this place.
 D = Time resting spent in this place.
 E = Time spent auto-exploring this place.
 F = Levels seen in this place.
 G = Mean time per level.
                   A        B        C        D        E       F      G
               +--------+--------+--------+--------+--------+-----+--------+
         Total |   3909 |   3765 |    144 |     19 |   3251 |   4 |  977.2 |
       Dungeon |   3909 |   3765 |    144 |     19 |   3251 |   4 |  977.2 |
               +--------+--------+--------+--------+--------+-----+--------+

Top non-repeatable levels by time:
     D:2: 1754 daAuts
     D:1: 943 daAuts
     D:3: 941 daAuts
     D:4: 270 daAuts
